 Dungeon Crawl Stone Soup version 0.31-a0-640-g39d97e502b (webtiles) character file.

Game seed: 17325427495363727577

121 greenreed the Ruffian (level 5, 0/39 HPs)
             Began as a Djinni Shapeshifter on Aug 27, 2023.
             Was an Initiate of Ru.
             Slain by an orc
             ... wielding a +0 war axe
              (3 damage)
             ... on level 4 of the Dungeon.
             The game lasted 00:04:04 (2790 turns).

greenreed the Ruffian (Djinni Shapeshifter)         Turns: 2790, Time: 00:04:05

Health: 0/39       AC:  2    Str: 15    XL:     5   Next: 26%
Gold:   149        EV: 12    Int: 12    God:    Ru [......] SH:  0 Dex: 12

rFire   + +          .
                       - Unarmed
rCold   x . .        (no shield)
rNeg    . . .        a - +0 animal skin
rPois   ∞            (helmet currently unavailable)
rElec   .            (cloak currently unavailable)
rCorr   .            (gloves currently unavailable)
SInv    .            (boots unavailable)
Will    .....        (no amulet)
Stlth   +            (no ring)
HPRegen 0.26/turn    (no ring)
MPRegen 0.00/turn

%: infuse magic (-1 HP)
@: beast-form, flying
A: beast (slay +1), flying, sickness immunity, fire resistance 2, cold
vulnerability 1, float, innate caster, HP casting, extra vitality 1
a: Begin Untransformation, Renounce Religion


You were on level 4 of the Dungeon.
You worshipped Ru.
Ru was noncommittal.
You were a hulking beast.
You visited 1 branch of the dungeon, and saw 4 of its levels.

You collected 149 gold pieces.

Inventory:

Hand Weapons
 o - the +6 falchion "Siuts" {antimagic, rC+ SInv}
   (You found it on level 3 of the Dungeon)

   rC+:       It protects you from cold.
   SInv:      It lets you see invisible.
Armour
 a - a +0 animal skin (worn)
 m - a scarf of resistance
Talismans
 c - a beast talisman (active)
 d - a flux talisman
Scrolls
 f - a scroll of enchant armour {unknown}
 g - a scroll of noise {unknown}
 h - a scroll of immolation {unknown}
 j - a scroll of teleportation {unknown}
 n - a scroll of identify {unknown}
Potions
 b - 3 potions of lignification
 e - a potion of might {unknown}
 i - a potion of mutation {unknown}
 k - a potion of attraction {unknown}
 l - 2 potions of berserk rage {unknown}


   Skills:
 * Level 2.6 Fighting
 + Level 2.9 Dodging
 * Level 4.0 Unarmed Combat
 + Level 0.1 Spellcasting
 + Level 0.1 Conjurations
 + Level 0.1 Hexes
   Level 0.0 Charms
 + Level 0.1 Summonings
 + Level 0.1 Necromancy
 + Level 0.1 Translocations
 + Level 0.1 Transmutations
 + Level 0.1 Fire Magic
 + Level 0.1 Ice Magic
 + Level 0.1 Air Magic
 + Level 0.1 Earth Magic
 + Level 0.1 Poison Magic
 + Level 3.1 Shapeshifting


You knew the following spells:

 Your Spells              Type           Power      Damage    Failure   Level
a - Shock                 Conj/Air       0%         1d3       30%         1
b - Wereblood             Tmut           0%         N/A       43%         2
Your spell library was empty.

Dungeon Overview and Level Annotations

Branches:
Dungeon (4/15)
 Temple: D:4-7

Altars:
Cheibriados
Okawaru
Ru
Xom

Annotations:
D:2 Sigmund


Innate Abilities, Weirdness & Mutations

You are a hulking beast.
Your limbs bulge with bestial killing power. (Slay +1)
You are flying.
You are immune to sickness and miasma.
You are immune to poison.
Your flesh is very heat resistant. (rF++)
You are vulnerable to cold. (rC-)
You float through the air rather than walking.
You learn spells naturally, not from books.
Your magical power is your life essence.
You have superior vitality. (+4 MHP)


Message History

An orc comes into view. It is wielding a +0 dagger.
The orc moves out of view.
The orc closely misses you.
You hit the orc but do no damage. The orc closely misses you.
You hit the orc but do no damage. You punch the orc, but do no damage.
The orc barely misses you.
You hit the kobold.
You kill the kobold!
The orc barely misses you.
You hit the orc.
The orc is moderately wounded.
The orc hits you with a +0 whip.
You completely miss the orc.
The orc is moderately wounded.
The orc hits you with a +0 whip.
You barely miss the orc.
The orc is moderately wounded.
The hound barely misses you. The orc closely misses you.
The orc barely misses you. The orc hits you with a +0 club.
The hound bites you but does no damage.
You hit the orc.
The orc is heavily wounded.
The hound closely misses you. The orc closely misses you.
The orc hits you with a +0 war axe. The orc completely misses you.
You hit the orc.
The orc is moderately wounded.
The hound bites you. The orc hits you with a +0 whip.
The orc barely misses you. x2; The hound bites you.
You barely miss the orc.
The orc is moderately wounded.
The hound barely misses you. The orc closely misses you.
The orc hits you with a +0 club. The orc hits you with a +0 war axe.
You hit the orc.
You kill the orc!
The hound barely misses you. The orc hits you with a +0 whip.
* * * LOW HITPOINT WARNING * * *
The orc hits you with a +0 war axe.
* * * LOW HITPOINT WARNING * * *
The hound misses you. The orc hits you with a +0 war axe.
You die...

#.## ##########
#... .........#
#..# ########.#
#..######
#.######........
#...............
#.<#####oo......
#..####oh#
#.....†h##
#..####..#
#..... .....K
###.## #####.##
#.# #.# #. #>#
#. ##


You could see a hound and 3 orcs.

Vanquished Creatures
  A mummy (D:3)
  3 adders
  4 worms
  A dart slug (D:3)
  2 orcs
  5 bats
  9 endoplasms
  3 giant cockroaches
  5 goblins
  7 hobgoblins
  6 kobolds
  3 quokkas
  4 ball pythons
  2 frilled lizards (D:2)
  8 rats
63 creatures vanquished.

Notes
Turn   | Place    | Note
-------+----------+-------------------------------------------
     0 | D:1      | greenreed the Djinni Shapeshifter began the quest for the
                  | Orb.
     0 | D:1      | Reached XP level 1. HP: 17/17 MP: 0/0
   348 | D:1      | Reached XP level 2. HP: 19/22 MP: 0/0
   622 | D:1      | Reached XP level 3. HP: 27/28 MP: 0/0
   622 | D:1      | Learned a level 1 spell: Shock
   910 | D:1      | You are sucked into a shaft and drop 1 floor!
  1625 | D:2      | Reached XP level 4. HP: 33/33 MP: 0/0
  1766 | D:2      | Noticed Sigmund
  2062 | D:3      | Found a sacrificial altar of Ru.
  2184 | D:3      | Found a shimmering altar of Xom.
  2228 | D:3      | Became a worshipper of Ru the Awakened
  2285 | D:3      | Reached XP level 5. HP: 16/39 MP: 0/0
  2285 | D:3      | Learned a level 2 spell: Wereblood
  2506 | D:3      | Found an iron altar of Okawaru.
  2518 | D:3      | Identified the +6 falchion "Siuts" {antimagic, rC+ SInv}
  2559 | D:3      | Found a snail-covered altar of Cheibriados.
  2777 | D:4      | Reached skill level 4 in Unarmed Combat
  2790 | D:4      | Slain by an orc

Illustrated notes

Levels and vault maps discovered:
D:1:      saegor_arrival_fortress, layout_basic
D:2:      layout_loops_ring, uniq_sigmund
D:3:      layout_rooms, slow_altar_2, okawaru_ov_weapons_minmay,
          mainiacjoe_overflow_catch_the_wave, mainiacjoe_overflow_24_doors,
          kennysheep_decorative_pillar
D:4:      layout_loops_ring, mainiacjoe_overflow_catwalk, uniq_pargi

Skill      XL: |  1  2  3  4  5 |
---------------+----------------+-----
Fighting       | 2 |  2.6
Shapeshifting  | 3 |  3.1
Unarmed Combat | 4 |  4.0
Dodging        | |  2.9
Spellcasting   | |  0.1
Conjurations   | |  0.1
Hexes          | |  0.1
Summonings     | |  0.1
Necromancy     | |  0.1
Translocations | |  0.1
Transmutations | |  0.1
Fire Magic     | |  0.1
Ice Magic      | |  0.1
Air Magic      | |  0.1
Earth Magic    | |  0.1
Poison Magic   | |  0.1

Action                     |  1- 3 |  4- 6 || total
---------------------------+-------+-------++-------
  Melee: Unarmed           |    81 |    92 ||   173
         Punch             |     1 |     1 ||     2
   Stab: Sleeping          |     4 |     2 ||     6
 Armour: Animal skin       |    11 |     8 ||    19
  Dodge: Dodged            |    42 |    44 ||    86

Table legend: (Time is in decaauts)
 A = Elapsed time spent in this place.
 B = Non-inter-level travel time spent in this place.
 C = Inter-level travel time spent in this place.
 D = Time resting spent in this place.
 E = Time spent auto-exploring this place.
 F = Levels seen in this place.
 G = Mean time per level.
                   A        B        C        D        E       F      G
               +--------+--------+--------+--------+--------+-----+--------+
         Total |   2779 |   2632 |    147 |     20 |   2180 |   4 |  694.8 |
       Dungeon |   2779 |   2632 |    147 |     20 |   2180 |   4 |  694.8 |
               +--------+--------+--------+--------+--------+-----+--------+

Top non-repeatable levels by time:
     D:1: 1231 daAuts
     D:3: 867 daAuts
     D:2: 648 daAuts
     D:4: 32 daAuts
